 Dungeon Crawl Stone Soup version 0.22-a0-782-g038298e (webtiles) character file.

343 mopl the Vexing (level 6, 0/47 HPs)
             Began as a Gnoll Arcane Marksman on July 20, 2018.
             Slain by Grinder (8 damage)
             ... while paralysed by Grinder
             ... on level 3 of the Dungeon.
             The game lasted 00:06:58 (5480 turns).

mopl the Vexing (Gnoll Arcane Marksman)             Turns: 5480, Time: 00:06:59

Health: 0/47       AC:  2    Str: 12    XL:     6   Next: 57%
Magic:  16/20      EV:  2    Int: 15    God:
Gold:   197        SH:  0    Dex: 18    Spells: 4/11 levels left

rFire    . . .     SeeInvis .   a - +0 shortbow
rCold    . . .     Gourm    .   (shield currently unavailable)
rNeg     . . .     Faith    .   e - +0 robe
rPois    .         Spirit   .   (no helmet)
rElec    .         Reflect  .   s - scarf {cloud immunity}
rCorr    .         Harm     .   (no gloves)
MR       .....                  (no boots)
Stlth    +.........             (no amulet)
HPRegen  0.15/turn              n - ring of loudness (curse)
MPRegen  0.17/turn              x - ring of magical power

@: paralysed
A: distributed training, fangs 1, strong nose
a: no special abilities


You were on level 3 of the Dungeon.
You were hungry.

You visited 1 branch of the dungeon, and saw 4 of its levels.

You collected 197 gold pieces.

Inventory:

Hand Weapons
 a - a +0 shortbow (weapon)
 b - a +0 trident
 o - a +0 hunting sling
 u - a +0 hand axe of venom
Missiles
 d - 16 arrows (quivered)
 g - 8 tomahawks
 h - 6 curare-tipped needles
 i - 147 stones
 l - 20 bolts
 v - 45 sling bullets
Armour
 e - a +0 robe (worn)
 s - a scarf of cloud immunity (worn)
Jewellery
 n - a cursed ring of loudness (left hand)
 x - a ring of magical power (right hand)
Scrolls
 c - 2 scrolls of blinking {unknown}
 j - 3 scrolls of identify {unknown}
 k - 2 scrolls of magic mapping {unknown}
 p - a scroll of fog {unknown}
 q - 2 scrolls of remove curse {unknown}
 t - 2 scrolls of noise {unknown}
Potions
 m - 2 potions of flight {unknown}
 r - a potion of berserk rage {unknown}
 w - a potion of might {unknown}
 z - a potion of ambrosia {unknown}
Comestibles
 f - 8 rations


   Skills:
 + Level 3.2 Fighting
 + Level 2.0 Short Blades
 + Level 2.0 Long Blades
 + Level 2.0 Axes
 + Level 2.0 Maces & Flails
 + Level 2.0 Polearms
 + Level 2.0 Staves
 + Level 2.0 Slings
 + Level 5.0 Bows
 + Level 2.0 Crossbows
 + Level 2.0 Throwing
 + Level 2.0 Armour
 + Level 5.0 Dodging
 + Level 2.0 Stealth
 + Level 2.0 Shields
 + Level 2.0 Unarmed Combat
 + Level 3.4 Spellcasting
 + Level 1.5 Conjurations
 + Level 5.6 Hexes
 + Level 1.5 Charms
 + Level 1.5 Summonings
 + Level 1.5 Necromancy
 + Level 1.5 Translocations
 + Level 1.5 Transmutations
 + Level 1.5 Fire Magic
 + Level 1.5 Ice Magic
 + Level 1.5 Air Magic
 + Level 1.5 Earth Magic
 + Level 1.5 Poison Magic
 + Level 2.2 Invocations
 + Level 2.0 Evocations


You had 4 spell levels left.
You knew the following spells:

 Your Spells              Type           Power        Failure   Level  Hunger
a - Corona                Hex            ###....      1%          1    None
b - Inner Flame           Hex/Fire       ##......     13%         3    ###....
c - Portal Projectile     Hex/Tloc       ##....       13%         3    ###....

Your spell library contained the following spells:

 Spells                   Type           Power        Failure   Level  Hunger
 Cause Fear               Hex            ###.......   19%         4    ####...
 Slow                     Hex            ###.....     2%          2    ##.....
 Leda's Liquefaction      Hex/Erth       ##........   38%         4    ####...


Dungeon Overview and Level Annotations

Branches:
Dungeon (4/15)
 Temple: D:4-7

Altars:

Annotations:
D:3 Grinder
D:4 3 runed doors, Amnesiac's ghost, weakling DsEE


Innate Abilities, Weirdness & Mutations

Your experience applies equally to all skills.
You have very sharp teeth.
Your uncanny sense of smell can sniff out nearby items.


Message History

You shoot an arrow. The arrow hits Grinder!
Grinder is severely wounded.
Grinder hits you.
You writhe in agony.
Unknown command.
Firing (i - inventory. (/) - cycle)
d - 17 arrows (quivered)
Press: ? - help, Shift-Dir - straight line, f/p - Grinder
Aim: Grinder (severely wounded, softly glowing)
You shoot an arrow. The arrow hits Grinder!
Grinder is almost dead.
Grinder gestures at you. Pain shoots through your body!
* * * LOW HITPOINT WARNING * * *
Grinder gestures at you.
You suddenly lose the ability to move!
Grinder gestures at you. You resist with significant effort.
Grinder gestures at you. You resist with significant effort. Grinder hits you!
You die...

.................#
......#.########.#
......#.# #.#
......#.# #.#
......#.# #.#
......#.# #.#
......#.# #.#
......#.# #.#
#######.# #@#
...(((5.#
#########


You could see Grinder.

Vanquished Creatures
  Blork the orc (D:4)
  The ghost of eyesofgods1 the Ducker, an amateur SpGl (D:3)
  Jessica (D:3)
  4 gnolls
  7 adders
  An ooze (D:4)
  3 worms (D:2)
  An adder skeleton (D:4)
  A leopard gecko (D:2)
  10 orcs
  3 giant cockroaches
  5 goblins
  7 hobgoblins
  2 quokkas (D:2)
  3 bats
  3 frilled lizards
  4 kobolds
  6 rats
63 creatures vanquished.

Notes
Turn   | Place    | Note
-------+----------+-------------------------------------------
     0 | D:1      | mopl the Gnoll Arcane Marksman began the quest for the Orb.
     0 | D:1      | Reached XP level 1. HP: 17/17 MP: 4/4
   252 | D:1      | Reached XP level 2. HP: 8/23 MP: 5/5
  1277 | D:2      | Reached XP level 3. HP: 20/28 MP: 7/7
  1604 | D:2      | Reached skill level 1 in Invocations
  1818 | D:2      | Reached skill level 1 in Short Blades
  1818 | D:2      | Reached skill level 1 in Long Blades
  1818 | D:2      | Reached skill level 1 in Axes
  1818 | D:2      | Reached skill level 1 in Maces & Flails
  1818 | D:2      | Reached skill level 1 in Polearms
  1818 | D:2      | Reached skill level 1 in Staves
  1818 | D:2      | Reached skill level 1 in Slings
  1818 | D:2      | Reached skill level 1 in Crossbows
  1818 | D:2      | Reached skill level 1 in Throwing
  1818 | D:2      | Reached skill level 1 in Armour
  1818 | D:2      | Reached skill level 1 in Stealth
  1818 | D:2      | Reached skill level 1 in Shields
  1818 | D:2      | Reached skill level 1 in Unarmed Combat
  1818 | D:2      | Reached skill level 1 in Evocations
  1818 | D:2      | Reached XP level 4. HP: 13/34 MP: 6/8
  2282 | D:2      | Reached skill level 3 in Spellcasting
  2729 | D:2      | Reached skill level 1 in Conjurations
  2729 | D:2      | Reached skill level 1 in Charms
  2729 | D:2      | Reached skill level 1 in Summonings
  2729 | D:2      | Reached skill level 1 in Necromancy
  2729 | D:2      | Reached skill level 1 in Translocations
  2729 | D:2      | Reached skill level 1 in Transmutations
  2729 | D:2      | Reached skill level 1 in Fire Magic
  2729 | D:2      | Reached skill level 1 in Ice Magic
  2729 | D:2      | Reached skill level 1 in Air Magic
  2729 | D:2      | Reached skill level 1 in Earth Magic
  2729 | D:2      | Reached skill level 1 in Poison Magic
  2972 | D:2      | Learned a level 3 spell: Inner Flame
  2976 | D:2      | Learned a level 3 spell: Portal Projectile
  3333 | D:3      | Reached XP level 5. HP: 24/40 MP: 9/9
  3477 | D:3      | Found a runed gate.
  3477 | D:3      | Found a runed gate.
  3477 | D:3      | Found a runed gate.
  3480 | D:3      | Noticed eyesofgods1's ghost (amateur SpGl)
  3527 | D:3      | Killed eyesofgods1's ghost
  3527 | D:3      | Reached skill level 3 in Fighting
  3787 | D:3      | Noticed a phantom
  3819 | D:4      | Noticed Blork the orc
  3832 | D:4      | Killed Blork the orc
  3832 | D:4      | Reached skill level 2 in Invocations
  3832 | D:4      | Reached XP level 6. HP: 15/47 MP: 7/11
  4322 | D:4      | HP: 2/47 [poisoned by an orc]
  4712 | D:4      | Found a runed gate.
  4713 | D:4      | Noticed Amnesiac's ghost (weakling DsEE)
  4716 | D:4      | Found a runed gate.
  4717 | D:4      | Found a runed gate.
  4915 | D:3      | Noticed Jessica
  4932 | D:3      | Killed Jessica
  4932 | D:3      | Reached skill level 5 in Bows
  4932 | D:3      | Reached skill level 5 in Dodging
  4987 | D:3      | Reached skill level 2 in Short Blades
  4987 | D:3      | Reached skill level 2 in Long Blades
  4987 | D:3      | Reached skill level 2 in Axes
  4987 | D:3      | Reached skill level 2 in Maces & Flails
  4987 | D:3      | Reached skill level 2 in Polearms
  4987 | D:3      | Reached skill level 2 in Staves
  4987 | D:3      | Reached skill level 2 in Slings
  4987 | D:3      | Reached skill level 2 in Crossbows
  4987 | D:3      | Reached skill level 2 in Throwing
  4987 | D:3      | Reached skill level 2 in Armour
  4987 | D:3      | Reached skill level 2 in Stealth
  4987 | D:3      | Reached skill level 2 in Shields
  4987 | D:3      | Reached skill level 2 in Unarmed Combat
  4987 | D:3      | Reached skill level 2 in Evocations
  5461 | D:3      | Noticed Grinder
  5464 | D:3      | Paralysed by Grinder for 2 turns
  5469 | D:3      | Paralysed by Grinder for 3 turns
  5477 | D:3      | Paralysed by Grinder for 4 turns
  5480 | D:3      | Slain by Grinder

Vault maps used:
D:1:      minmay_arrival_open_corners
D:2:      serial_forest, infiniplex_forest_lined_corner,
          infiniplex_forest_lined_room_2, infiniplex_forest_lined_room_2,
          infiniplex_forest_clump_small, infiniplex_forest_clump_double,
          infiniplex_forest_clump_double
D:3:      ebering_ghost_rock_garden, uniq_jessica, uniq_grinder
D:4:      first_ration, ebering_ghost_rock_garden, uniq_blork_the_orc

Skill      XL: |  1  2  3  4  5  6 |
---------------+-------------------+-----
Invocations    | 1 2 |  2.2
Short Blades   | 1 2 |  2.0
Long Blades    | 1 2 |  2.0
Axes           | 1 2 |  2.0
Maces & Flails | 1 2 |  2.0
Polearms       | 1 2 |  2.0
Staves         | 1 2 |  2.0
Slings         | 1 2 |  2.0
Crossbows      | 1 2 |  2.0
Throwing       | 1 2 |  2.0
Armour         | 1 2 |  2.0
Stealth        | 1 2 |  2.0
Shields        | 1 2 |  2.0
Unarmed Combat | 1 2 |  2.0
Evocations     | 1 2 |  2.0
Spellcasting   | 3 |  3.4
Conjurations   | 1 |  1.5
Charms         | 1 |  1.5
Summonings     | 1 |  1.5
Necromancy     | 1 |  1.5
Translocations | 1 |  1.5
Transmutations | 1 |  1.5
Fire Magic     | 1 |  1.5
Ice Magic      | 1 |  1.5
Air Magic      | 1 |  1.5
Earth Magic    | 1 |  1.5
Poison Magic   | 1 |  1.5
Fighting       | 3 |  3.2
Bows           | 5 |  5.0
Dodging        | 5 |  5.0
Hexes          | |  5.6

Action                   |  1- 3 |  4- 6 || total
-------------------------+-------+-------++-------
Melee: Hand axe          |    20 |       ||    20
       Spear             |       |    11 ||    11
       Bite              |       |     2 ||     2
       Trident           |       |    45 ||    45
 Fire: Shortbow          |    44 |    66 ||   110
       Hunting sling     |    21 |    99 ||   120
 Cast: Corona            |    13 |    16 ||    29
 Stab: Sleeping          |       |     3 ||     3
  Eat: Chunk             |     3 |     7 ||    10
       Ration            |       |     1 ||     1
Armor: Robe              |     3 |    16 ||    19
Dodge: Dodged            |    40 |    93 ||   133

Table legend:
 A = Spawn XP
 B = Non-spawn XP
 C = Spawn XP percentage of total XP
 D = Spawn monster count
 E = Non-spawn monster count
 F = Spawn count percentage of total count
 G = Total turns spent on level
                    A         B        C        D         E        F      G
               +---------+---------+-------+---------+---------+-------+---------
         Total |       0 |     490 |   0.0 |       0 |      63 |   0.0 |  5480
               +---------+---------+-------+---------+---------+-------+---------
           D:1 |       0 |      27 |   0.0 |       0 |      10 |   0.0 |  1289
           D:2 |       0 |     122 |   0.0 |       0 |      30 |   0.0 |  1950
           D:3 |       0 |     201 |   0.0 |       0 |      13 |   0.0 |  1278
           D:4 |       0 |     140 |   0.0 |       0 |      10 |   0.0 |   963
               +---------+---------+-------+---------+---------+-------+---------
